 Dungeon Crawl Stone Soup version 0.28.0-53-g5a82cb258f (webtiles) character file.

Game seed: 10969678919937842502

2270 Peloso the Carver (level 9, -4/78 HPs)
             Began as a Minotaur Fighter on July 6, 2022.
             Was a Follower of Okawaru.
             Slain by a vault guard
             ... wielding a +0 broad axe
              (6 damage)
             ... in a bailey.
             The game lasted 00:13:06 (7663 turns).

Peloso the Carver (Minotaur Fighter)                Turns: 7663, Time: 00:13:06

Health: -4/78      AC: 12    Str: 23    XL:     9   Next: 16%
Magic:  7/8        EV:  8    Int:  5    God:    Okawaru [*.....]
Gold:   150        SH:  5    Dex: 12    Spells: 8/8 levels left

rFire   . . .      SeeInvis .   a - +1 long sword
rCold   + . .      Faith    .   c - +0 buckler
rNeg    . . .      Spirit   .   v - +1 chain mail
rPois   .          Reflect  .   (helmet restricted)
rElec   .          Harm     .   (no cloak)
rCorr   .          Rampage  .   (no gloves)
Will    .....                   (no boots)
Stlth   ..........              (no amulet)
HPRegen 0.23/turn               e - ring of protection from cold
MPRegen 0.11/turn               (no ring)

@: mighty
A: horns 2, retaliatory headbutt
a: Renounce Religion, Heroism


You were in a bailey.
You worshipped Okawaru.
Okawaru was aware of your devotion.
You visited 1 branch of the dungeon, and saw 7 of its levels.
You also visited: Bailey.

You collected 180 gold pieces.
You spent 30 gold pieces at shops.

Inventory:

Hand Weapons
 a - a +1 long sword (weapon)
 b - a +0 dagger of flaming
Armour
 c - a +0 buckler (worn)
 v - a +1 chain mail (worn)
Jewellery
 e - a ring of protection from cold (left hand)
 r - an amulet of magic regeneration
 y - a ring of poison resistance
 C - a ring of ice
 E - a ring of magical power
Wands
 h - a wand of charming (9)
Scrolls
 l - a scroll of teleportation
 q - a scroll of amnesia
 u - 2 scrolls of immolation
 x - a scroll of silence
Potions
 d - a potion of might
 f - a potion of ambrosia
 g - 3 potions of mutation
 j - 2 potions of flight
 k - 2 potions of cancellation
 m - 2 potions of magic
 o - 8 potions of degeneration
 s - 2 potions of lignification {unknown}
 t - 2 potions of curing
 z - a potion of berserk rage {unknown}


   Skills:
 + Level 6.5 Fighting
 + Level 9.7 Long Blades
 + Level 8.7 Armour
 + Level 2.1 Dodging
 + Level 1.1 Stealth
 + Level 6.1 Shields


You had 8 spell levels left.
You didn't know any spells.
Your spell library contained the following spells:

 Spells                   Type           Power      Damage    Failure   Level
 Freeze                   Ice            0%         1d3       99%         1
 Conjure Flame            Conj/Fire      0%         6-21      100%        3
 Frozen Ramparts          Ice            0%         1d2       100%        3
 Gell's Gravitas          Tloc           0%         N/A       100%        3
 Lesser Beckoning         Tloc           0%         N/A       100%        3
 Teleport Other           Tloc           0%         N/A       100%        3
 Flame Wave               Conj/Fire      0%         2d4       100%        4


Dungeon Overview and Level Annotations

Branches:
Dungeon (7/15)             Temple (0/1) D:7          Bailey (1/1)

Altars:
Fedhas
Gozag
Kikubaaqudgha
Okawaru

Shops:
D:3 !

Annotations:
D:7 1 transporter, Hylith's ghost, novice GnSu Bailey Prince Ribbit


Innate Abilities, Weirdness & Mutations

You have a pair of horns on your head.
You reflexively headbutt those who attack you in melee.


Message History

Prince Ribbit hits you!
You hit Prince Ribbit.
Prince Ribbit is almost dead.
Prince Ribbit blinks!
You feel very mighty all of a sudden.
Prince Ribbit blinks!
You block the vault guard's attack.
Unknown command.
You closely miss the vault guard.
Prince Ribbit blinks!
You slash the vault guard!
The vault guard is lightly wounded.
The vault guard hits you with a +0 broad axe!
You slash the vault guard! You headbutt the vault guard!
The vault guard is heavily wounded.
You feel like a meek peon again.
The vault guard hits you with a +0 broad axe!!
You closely miss the vault guard. Your headbutt misses the vault guard.
The vault guard is heavily wounded.
The vault guard hits you but does no damage.
You barely miss the vault guard. Your headbutt misses the vault guard.
The vault guard is heavily wounded.
Prince Ribbit barely misses you.
The vault guard hits you with a +0 broad axe!
* * * LOW HITPOINT WARNING * * *
Prince Ribbit hits you!
* * * LOW HITPOINT WARNING * * *
You feel much better.
Prince Ribbit blinks!
The vault guard hits you with a +0 broad axe!
You closely miss the vault guard. Your headbutt misses the vault guard.
The vault guard is heavily wounded.
Prince Ribbit blinks!
The vault guard hits you with a +0 broad axe!
* * * LOW HITPOINT WARNING * * *
You hit the vault guard.
The vault guard is heavily wounded.
The vault guard hits you with a +0 broad axe!
* * * LOW HITPOINT WARNING * * *
You slash the vault guard! You headbutt the vault guard!!
The vault guard is almost dead.
The vault guard hits you with a +0 broad axe.
You die...

+.### #≈.≈## #≈.≈≈##
##≈.≈≈≈# #########
###≈≈..≈#######
#....#≈≈####≈≈≈≈..##....!#
.....#≈≈≈≈≈≈≈≈....#.....?$
..#.†)..≈≈≈≈≈§..≈.'..∩...!
..#).#.......F..@p#.....!?
.##..#≈≈≈≈.≈.≈..≈.##....$#
..#######≈≈.......≈#######
.......##≈≈≈≈≈≈≈≈≈≈≈#
#......#≈≈≈≈≈≈≈≈≈≈≈##
'....#+##≈≈≈≈≈≈≈≈≈##
###### ###≈≈≈≈≈### '≈≈≈##
####### #≈≈≈≈#


You could see a vault guard and Prince Ribbit.

Vanquished Creatures
  Sigmund (D:3)
  A human (Bailey)
  A sky beast (D:6)
  An ice beast (D:6)
  2 ogres (D:6)
  A phantom (D:4)
  7 bullfrogs (Bailey)
  2 scorpions
  A water moccasin skeleton (D:4)
  3 wights (D:6)
  2 centaur skeletons
  4 hounds
  5 jellies
  An orc priest (D:3)
  Terence (D:3)
  3 iguanas
  2 orc wizards (D:3)
  A scorpion zombie (D:5)
  7 gnolls
  8 adders
  2 white imps (D:5)
  3 ufetubi
  5 worms
  4 dart slugs
  16 orcs
  12 ball pythons
  6 endoplasms
  2 giant cockroaches (D:2)
  11 goblins
  12 hobgoblins
  A jackal (D:1)
  3 quokkas
  2 bats
  2 frilled lizards
  4 kobolds
  7 rats
146 creatures vanquished.

Vanquished Creatures (others)
  A fungus (D:1)
  2 plants (D:2)
3 creatures vanquished.

Grand Total: 149 creatures vanquished

Notes
Turn   | Place    | Note
-------+----------+-------------------------------------------
     0 | D:1      | Peloso the Minotaur Fighter began the quest for the Orb.
     0 | D:1      | Reached XP level 1. HP: 19/19 MP: 0/0
   317 | D:1      | Reached XP level 2. HP: 25/27 MP: 1/1
   683 | D:1      | Found a faded altar of an unknown god.
  1157 | D:2      | Reached skill level 3 in Long Blades
  1157 | D:2      | Reached XP level 3. HP: 33/33 MP: 2/2
  1691 | D:2      | Reached XP level 4. HP: 32/40 MP: 3/3
  2496 | D:2      | Reached XP level 5. HP: 42/47 MP: 4/4
  2501 | D:2      | Reached skill level 4 in Long Blades
  2743 | D:3      | Reached skill level 1 in Dodging
  2745 | D:3      | Noticed Sigmund
  2893 | D:4      | Reached skill level 5 in Armour
  3051 | D:4      | Noticed a phantom
  3064 | D:4      | Killed a phantom
  3271 | D:4      | Reached XP level 6. HP: 43/53 MP: 5/5
  3363 | D:4      | Reached skill level 5 in Long Blades
  4001 | D:5      | Entered Level 5 of the Dungeon
  4212 | D:5      | Reached XP level 7. HP: 37/60 MP: 6/6
  4253 | D:5      | Reached skill level 6 in Long Blades
  4424 | D:5      | Reached skill level 5 in Fighting
  4658 | D:6      | Reached skill level 5 in Shields
  4772 | D:3      | Killed Sigmund
  4773 | D:3      | Reached skill level 7 in Long Blades
  4799 | D:3      | Noticed Terence
  4819 | D:3      | Killed Terence
  5098 | D:3      | Reached XP level 8. HP: 60/68 MP: 7/7
  5328 | D:3      | Found Yrghiet's Distillery.
  5338 | D:3      | Bought a potion of curing for 30 gold pieces
  5347 | D:3      | Got the Compendium of Igneous Ice
  5472 | D:3      | Found an opulent altar of Gozag.
  5478 | D:3      | Found an ancient bone altar of Kikubaaqudgha.
  5481 | D:3      | Found an iron altar of Okawaru.
  5493 | D:3      | Found a blossoming altar of Fedhas.
  5638 | D:3      | Became a worshipper of Warmaster Okawaru
  5951 | D:6      | Reached skill level 8 in Long Blades
  6228 | D:6      | Reached skill level 1 in Stealth
  6637 | D:6      | Reached skill level 9 in Long Blades
  6979 | D:7      | Noticed Hylith's ghost (novice GnSu)
  6980 | D:7      | Found a transporter.
  6985 | D:7      | Found a staircase to the Ecumenical Temple.
  7310 | D:7      | Found a flagged portal.
  7325 | Bailey   | Entered a bailey
  7399 | Bailey   | Reached * piety under Okawaru
  7400 | Bailey   | Reached XP level 9. HP: 48/77 MP: 8/8
  7647 | Bailey   | Noticed Prince Ribbit
  7647 | Bailey   | Noticed a vault guard
  7662 | Bailey   | HP: 2/78 [vault guard/+0 broad axe (17)]
  7663 | Bailey   | Slain by a vault guard

Illustrated notes

Levels and vault maps discovered:
D:1:      matt_arrival_grand_opening, layout_basic, serial_rivers,
          chequers_serial_rivers_micro_d, chequers_serial_rivers_micro_c,
          chequers_serial_rivers_large_b, chequers_serial_rivers_small_a,
          shapermc_ecumenical_altar_ellora, minmay_box_of_dots
D:2:      layout_rooms, minmay_shallow_snake_nest
D:3:      layout_rooms, nicolae_overflow_quartered_altars, serial_shops, shop,
          minmay_misc_feat_chi, uniq_sigmund, uniq_terence
D:4:      layout_basic
D:5:      layout_rooms
D:6:      layout_basic
D:7:      black_bear_nest_1, layout_layer_cave, minmay_temple_entry_poolview,
          enter_bailey_7, gammafunk_ghost_smash
Bailey:   bailey_axe_froggy_fort_hellmonk, bailey

Skill      XL: |  1  2  3  4  5  6  7  8 |
---------------+-------------------------+-----
Armour         | 4 5 6 7 8 |  8.7
Fighting       | 4 5 6 |  6.5
Long Blades    | 3 4 5 7 9 |  9.7
Shields        | 4 5 6 |  6.1
Dodging        | 1 2 |  2.1
Stealth        | 1 |  1.1

Action                   |  1- 3 |  4- 6 |  7- 9 || total
-------------------------+-------+-------+-------++-------
Melee: Long sword        |    70 |   155 |   228 ||   453
       Headbutt          |     9 |    30 |    46 ||    85
Invok: Heroism           |       |       |     1 ||     1
  Use: Scroll            |     3 |     2 |    12 ||    17
       Potion            |       |       |     2 ||     2
Armor: Scale mail        |    33 |    50 |    10 ||    93
       Chain mail        |       |       |    89 ||    89
Dodge: Dodged            |    48 |    64 |    69 ||   181
Block: Buckler           |    16 |    41 |    45 ||   102
